 Dungeon Crawl Stone Soup version 0.20.0-10-g0535bb4 (webtiles) character file.

59 Esekla the Charmwright (level 3, 0/20 HPs)
             Began as a Deep Elf Skald on June 5, 2017.
             Was an Initiate of Ashenzari.
             Killed from afar by an orc wizard (5 damage)
             ... with a magic dart
             ... on level 4 of the Dungeon.
             The game lasted 00:13:25 (1124 turns).

Esekla the Charmwright (Deep Elf Skald)             Turns: 1124, Time: 00:13:25

Health: 0/20       AC:  4    Str:  8    XL:     3   Next: 78%
Magic:  10/10      EV: 14    Int: 17    God:    Ashenzari [......]
Gold:   85         SH:  0    Dex: 15    Spells: 1/9 levels left

rFire    . . .     SeeInvis .   m - -2 whip (curse)
rCold    . . .     Gourm    .   (no shield)
rNeg     . . .     Faith    .   b - +0 leather armour
rPois    .         Spirit   .   (no helmet)
rElec    .         Reflect  .   (no cloak)
rCorr    .         Harm     .   (no gloves)
MR       .....                  n - +0 pair of boots
Stlth    +.........             (no amulet)
Regen    0.1/turn               j - +2 ring of evasion
MPRegen  0.2/turn               (no ring)

@: no status effects
A: no striking features
a: Curse Item, Renounce Religion


You were on level 4 of the Dungeon.
You worshipped Ashenzari.
Ashenzari was noncommittal.
You were not hungry.

You visited 1 branch of the dungeon, and saw 4 of its levels.

You collected 85 gold pieces.

Inventory:

Hand Weapons
 a - a +0 short sword
 e - a +2 spear of pain
 m - a cursed -2 whip (weapon)
Missiles
 k - 41 stones (quivered)
Armour
 b - a +0 leather armour (worn)
 n - a +0 pair of boots (worn)
Jewellery
 j - a +2 ring of evasion (left hand)
Scrolls
 h - 2 scrolls of teleportation
Potions
 f - 2 potions of heal wounds
 g - a potion of agility {unknown}
 i - a potion of magic
Books
 c - a book of Battle

   Spells                             Type                      Level
   a - Infusion                       Charms                       1
   b - Shroud of Golubria             Charms/Translocation         2
   c - Song of Slaying                Charms                       2
   d - Spectral Weapon                Hexes/Charms                 3
   e - Regeneration                   Charms/Necromancy            3
Comestibles
 d - a bread ration


   Skills:
 - Level 1.5 Fighting
 - Level 2.4 Short Blades
 - Level 1.2 Armour
 * Level 2.9 Dodging
 + Level 0.6 Stealth
 + Level 3.5 Spellcasting
 * Level 1.3 Hexes
 - Level 5.0 Charms


You had one spell level left.
You knew the following spells:

 Your Spells              Type           Power        Failure   Level  Hunger
a - Infusion              Chrm           ###.         3%          1    None
b - Shroud of Golubria    Chrm/Tloc      ##........   12%         2    ##.....
c - Song of Slaying       Chrm           ###.....     4%          2    ##.....
d - Spectral Weapon       Hex/Chrm       ##......     19%         3    ###....


Dungeon Overview and Level Annotations

Branches:
Dungeon (4/15)
 Temple: D:4-7

Altars:
Ashenzari


Message History

An orc, an orc priest and an orc wizard come into view.
Found 10 gold pieces.
Found a stone staircase leading down.
An orc and an orc wizard come into view.
The orc priest shouts!
Found an escape hatch in the ceiling.
The orc wizard shouts!
The orc wizard gestures at you while chanting.
The magic dart hits you!
A giant cockroach comes into view.
The orc priest invokes the aid of Beogh against you.
Beogh smites you!
Ouch! That really hurt!
* * * LOW HITPOINT WARNING * * *
An adder skeleton comes into view.
The orc wizard shouts!
The orc wizard mumbles some strange words.
The orc wizard seems to speed up.
The orc wizard casts a spell at you. The magic dart hits you!
You die...

#......##.........$.
#.....###...........
#.....# #.....o.....
.....## ##..o.oZ....
###...# #..........
#..........
#..........
#..........
#..@.....##
##...##### ##..#
#..# #... .....
#####


You could see an orc priest, 2 orc wizards and an adder skeleton.

Vanquished Creatures
  A worker ant (D:4)
  An adder (D:2)
  A leopard gecko (D:3)
  2 giant cockroaches
  8 goblins
  2 hobgoblins (D:1)
  2 jackals (D:2)
  A ball python (D:2)
  2 bats (D:2)
  A frilled lizard (D:2)
  A kobold (D:2)
  A rat (D:2)
23 creatures vanquished.

Notes
Turn   | Place    | Note
-------+----------+-------------------------------------------
     0 | D:1      | Esekla the Deep Elf Skald began the quest for the Orb.
     0 | D:1      | Reached XP level 1. HP: 12/12 MP: 6/6
   466 | D:1      | Reached skill level 1 in Armour
   466 | D:1      | Reached XP level 2. HP: 15/16 MP: 5/8
   508 | D:2      | Learned a level 2 spell: Shroud of Golubria
   511 | D:2      | Learned a level 2 spell: Song of Slaying
   606 | D:2      | Reached skill level 5 in Charms
   644 | D:2      | Reached XP level 3. HP: 9/20 MP: 3/9
   888 | D:3      | Learned a level 1 spell: Infusion
   892 | D:3      | Learned a level 3 spell: Spectral Weapon
   994 | D:4      | Reached skill level 1 in Hexes
  1042 | D:4      | Found a shattered altar of Ashenzari.
  1070 | D:4      | Became a worshipper of Ashenzari the Shackled
  1124 | D:4      | Killed from afar by an orc wizard

Skill      XL: |  1  2  3 |
---------------+----------+-----
Armour         | 1 |  1.2
Charms         | 5 |  5.0
Hexes          | 1 |  1.3
Fighting       | |  1.5
Short Blades   | |  2.4
Dodging        | |  2.9
Stealth        | |  0.6
Spellcasting   | |  3.5

Action                   || total
-------------------------++-------
Melee: Short sword       ||    49
       Whip              ||    21
 Cast: Infusion          ||     7
       Song of Slaying   ||     1
       Shroud of Golubri ||     1
       Spectral Weapon   ||     1
  Use: Scroll            ||     5
 Stab: Sleeping          ||     1
  Eat: Bread ration      ||     1
Armor: Leather armour    ||    22
Dodge: Dodged            ||    79
